 Dungeon Crawl Stone Soup version 0.30-a0-134-gb40fab5c76 (webtiles) character file.

Game seed: 11953164602113437653

71 Essalna the Firebug (level 4, 30/30 HPs)
             Began as a Demonspawn Fire Elementalist on Sept 20, 2022.
             Got out of the dungeon alive.
             The game lasted 00:03:02 (2224 turns).

Essalna the Firebug (Demonspawn Fire Elementalist)  Turns: 2224, Time: 00:03:03

Health: 30/30      AC:  6    Str:  5    XL:     4   Next: 5%
Magic:  7/7        EV: 12    Int: 18    God:
Gold:   71         SH:  0    Dex: 14    Spells: 6/7 levels left

rFire   . . .      SeeInvis .    h - +0 dagger
rCold   . . .      Faith    .    (no shield)
rNeg    . . .      Spirit   .    a - +0 robe
rPois   +          Reflect  .    (no helmet)
rElec   .          Harm     .    (no cloak)
rCorr   .          Rampage  +    (no gloves)
Will    .....                    j - +1 pair of boots "Lasafryi" {Rampage Fly rPois Str-3}
Stlth   ++........               (no amulet)
HPRegen 0.10/turn                (no ring)
MPRegen 0.10/turn                (no ring)

@: flying
A: yellow scales 1, demonic touch 1
a: no special abilities


You escaped.
You visited 1 branch of the dungeon, and saw 2 of its levels.

You collected 71 gold pieces.

Inventory:

Hand Weapons
 h - a +0 dagger (weapon)
Armour
 a - a +0 robe (worn)
 j - the +1 pair of boots "Lasafryi" (worn) {Rampage Fly rPois Str-3}
   (You found it on level 2 of the Dungeon)

   Str:       It affects your strength (-3).
   rPois:     It protects you from poison.
   Fly:       It grants you flight.
   Rampage:   It bestows one free step when moving towards enemies.
Scrolls
 e - a scroll of summoning {unknown}
 f - 2 scrolls of identify {unknown}
 g - a scroll of fog {unknown}
 k - a scroll of teleportation {unknown}
Potions
 b - 2 potions of magic
 c - a potion of might {unknown}
 d - a potion of heal wounds {unknown}
 i - a potion of flight {unknown}


   Skills:
 - Level 1.7 Dodging
 - Level 1.7 Stealth
 - Level 2.0 Spellcasting
 + Level 2.8 Conjurations
 + Level 3.7 Fire Magic


You had 6 spell levels left.
You knew the following spells:

 Your Spells              Type           Power      Damage    Failure   Level
a - Foxfire               Conj/Fire      52%        2x1d6     4%          1

Your spell library contained the following spells:

 Spells                   Type           Power      Damage    Failure   Level
 Scorch                   Fire           30%        2d7       6%          2
 Inner Flame              Hex/Fire       8%         N/A       26%         3
 Kindle Blastsparks       Fire/Tloc/Air  12%        2d11      32%         3
 Flame Wave               Conj/Fire      13%        2d6       43%         4


Dungeon Overview and Level Annotations

Branches:
Dungeon (2/15)

Altars:


Innate Abilities, Weirdness & Mutations

You are partially covered in yellow scales. (AC +2)
Your touch may inflict minor irresistible damage on your foes.


Message History

Your hands begin to faintly glow with unholy energy.
Unknown command.
HP restored.
Key pressed, stopping explore.
You now have 71 gold pieces (gained 17).
Key pressed, stopping explore.
There is an empty arch of ancient stone here.
k - a scroll labelled GIPTIM IPPE
Found a stone staircase leading down.
A hobgoblin comes into view.
A hobgoblin is nearby!
The hobgoblin shouts!
You conjure some foxfire!
You conjure some foxfire!
The foxfire hits the hobgoblin.
The hobgoblin is severely wounded.
The foxfire hits the hobgoblin.
You kill the hobgoblin!
You conjure some foxfire!
No target in view!
Your foxfire dissipates!
Your foxfire dissipates! x3
Key pressed, stopping explore.
A giant cockroach comes into view.
You conjure some foxfire!
The foxfire hits the giant cockroach.
The giant cockroach is heavily wounded.
You conjure some foxfire!
The foxfire hits the giant cockroach but does no damage.
The giant cockroach is heavily wounded.
You conjure some foxfire!
The foxfire hits the giant cockroach.
You kill the giant cockroach!
No target in view!
No target in view!
Your foxfire dissipates!
There is a stone staircase leading up, spattered with blood here.
You fly upwards.
There is a stone staircase leading down here.
Magic restored.
There is a staircase leading out of the dungeon here.
Are you sure you want to leave the Dungeon?
This will make you lose the game!
You have escaped!

#.# ###..............# #.#
#...........###### ##'##
#.~♣♣♣♣♣~.### #...# #~~≈≈≈♣≈~~#
#...# #♣♣~~~~~♣♣#
###...#####♣♣~~~~~≈♣
#.....+....♣♣~~~~~≈♣
#.....#.##.♣≈~~~~~≈♣
#.....'.##.♣≈~~@~~≈♣
#.....####.♣♣~~~~~♣♣
#.....'..#.♣≈~~~~~≈♣
#.#...##.#.♣≈~~~~~♣♣
#.######.#.♣≈~~~~~≈♣#
#.##.....#.~~≈≈♣≈♣~~####
#.##.#####..~♣♣♣♣♣~....########
#.##.#.............###........##
#.##.#.###########.##########...


There were no monsters in sight!

Vanquished Creatures
  3 adders (D:2)
  A worm (D:2)
  A dart slug (D:2)
  4 endoplasms
  3 giant cockroaches
  3 goblins
  5 hobgoblins
  3 jackals (D:2)
  A kobold (D:2)
  3 ball pythons
  3 bats (D:1)
  5 frilled lizards
  3 rats
38 creatures vanquished.

Vanquished Creatures (others)
  132 foxfires
132 creatures vanquished.

Grand Total: 170 creatures vanquished

Notes
Turn   | Place    | Note
-------+----------+-------------------------------------------
     0 | D:1      | Essalna the Demonspawn Fire Elementalist began the quest
                  | for the Orb.
     0 | D:1      | Reached XP level 1. HP: 13/13 MP: 3/3
   390 | D:1      | Reached skill level 3 in Fire Magic
   479 | D:1      | Gained mutation: You are partially covered in yellow
                  | scales. (AC +2) [demonic ancestry]
   479 | D:1      | Reached XP level 2. HP: 7/19 MP: 1/5
  1168 | D:2      | Found a faded altar of an unknown god.
  1180 | D:2      | Reached XP level 3. HP: 24/24 MP: 1/6
  1293 | D:2      | Identified the +1 pair of boots "Lasafryi" {Rampage Fly
                  | rPois Str-3}
  1903 | D:2      | Gained mutation: Your touch may inflict minor irresistible
                  | damage on your foes. [demonic ancestry]
  1903 | D:2      | Reached XP level 4. HP: 9/30 MP: 0/7
  2224 | D:$      | Got out of the dungeon alive.

Illustrated notes

Levels and vault maps discovered:
D:1:      reono_arrival_forest_river, layout_basic, dk_noncrumbling_4,
          hangedman_decor_points
D:2:      layout_basic, hellmonk_ecumenical_altar_arch_garden,
          minmay_misc_feat_alley

Skill      XL: |  1  2 |
---------------+-------+-----
Fire Magic     | 3 |  3.7
Conjurations   | 2 |  2.8
Dodging        | |  1.7
Stealth        | |  1.7
Spellcasting   | |  2.0

Action                   |  1- 3 |  4- 6 || total
-------------------------+-------+-------++-------
Melee: Unarmed           |     5 |       ||     5
       Dagger            |    29 |       ||    29
       Punch             |     2 |       ||     2
 Cast: Foxfire           |    73 |     6 ||    79
 Stab: Sleeping          |     1 |       ||     1
Armor: Robe              |    15 |       ||    15
Dodge: Dodged            |    34 |       ||    34

Table legend: (Time is in decaauts)
 A = Elapsed time spent in this place.
 B = Non-inter-level travel time spent in this place.
 C = Inter-level travel time spent in this place.
 D = Time resting spent in this place.
 E = Time spent auto-exploring this place.
 F = Levels seen in this place.
 G = Mean time per level.
                   A        B        C        D        E       F      G
               +--------+--------+--------+--------+--------+-----+--------+
         Total |   2233 |   2078 |    155 |     36 |   1773 |   2 | 1116.5 |
       Dungeon |   2233 |   2078 |    155 |     36 |   1773 |   2 | 1116.5 |
               +--------+--------+--------+--------+--------+-----+--------+

Top non-repeatable levels by time:
     D:1: 1310 daAuts
     D:2: 923 daAuts
